 Dungeon Crawl Stone Soup version 0.27.0-1-g7a089689b8 (webtiles) character file.

Game seed: 8110202832589685294

40238 ZombieSheep the Fighter (level 13, -5/122 HPs)
             Began as a Minotaur Monk on Aug 4, 2021.
             Was the Champion of Nemelex Xobeh.
             Slain by a spark wasp (13 damage)
             ... on level 5 of the Lair of Beasts.
             The game lasted 00:45:10 (14769 turns).

ZombieSheep the Fighter (Minotaur Monk)            Turns: 14769, Time: 00:45:13

Health: -5/122     AC: 17    Str: 19    XL:     13   Next: 73%
Magic:  26/26      EV: 13    Int: 13    God:    Nemelex Xobeh [******]
Gold:   902        SH:  0    Dex: 15    Spells: 12/12 levels left

rFire    + . .     SeeInvis .   a - +6 Majin-Bo {vamp, MP+6 Int+6}
rCold    . . .     Faith    .   (shield currently unavailable)
rNeg     . . .     Spirit   .   m - +0 chain mail
rPois    .         Reflect  .   (helmet restricted)
rElec    .         Harm     .   f - +0 cloak
rCorr    .         Rampage  .   (no gloves)
Will     .....                  p - +2 pair of boots
Stlth    ..........             u - amulet of regeneration
HPRegen  1.30/turn              g - ring of protection from fire
MPRegen  0.20/turn              (no ring)

@: very slightly contaminated, invisible
A: horns 2, retaliatory headbutt
a: Renounce Religion, Draw Escape, Draw Destruction, Draw Summoning, Triple
Draw, Deal Four, Stack Five


You were on level 5 of the Lair of Beasts.
You worshipped Nemelex Xobeh.
Nemelex Xobeh was exalted by your worship.
You visited 2 branches of the dungeon, and saw 16 of its levels.

You collected 1070 gold pieces.
You spent 168 gold pieces at shops.

Inventory:

Hand Weapons
 a - the +6 Majin-Bo (weapon) {vamp, MP+6 Int+6}
   (You found it on level 9 of the Dungeon)

   It occasionally heals its wielder for a portion of the damage dealt when they
   wound a living foe with it or with a spell.
   Its wielder's spells cost health as well as magical power.
   Int:       It affects your intelligence (+6).
   MP:        It affects your magic capacity (+6).
 b - a +0 hand crossbow
 o - a +0 hand axe
 y - a +2 whip of flaming
 H - a +1 war axe
 I - a +0 lajatang
 Q - the +9 morningstar "Tokiog" {venom, Int+4}
   (You found it on level 5 of the Lair of Beasts)

   It poisons the flesh of those it strikes.
   Int:       It affects your intelligence (+4).
Missiles
 B - 61 bolts
Armour
 f - a +0 cloak (worn)
 m - a +0 chain mail (worn)
 p - a +2 pair of boots (worn)
 x - a scarf of invisibility
Jewellery
 g - a ring of protection from fire (left hand)
 q - a ring of flight
 u - an amulet of regeneration (around neck)
 J - a +6 ring of dexterity
 L - an amulet of reflection
Wands
 d - a wand of flame (20)
 w - a wand of paralysis (18)
 E - a wand of charming (11)
 F - a wand of digging (3)
 K - a wand of polymorph (5)
 P - a wand of acid (14)
Scrolls
 e - 8 scrolls of teleportation
 j - 2 scrolls of enchant weapon
 k - 3 scrolls of enchant armour
 r - a scroll of fog
 v - 5 scrolls of amnesia
 D - a scroll of fear
 G - 3 scrolls of identify
Potions
 c - 2 potions of haste
 h - 2 potions of might
 i - a potion of mutation
 l - 3 potions of invisibility
 n - 3 potions of lignification
 s - a potion of magic
 t - 2 potions of flight
 z - 2 potions of brilliance
 A - 3 potions of ambrosia
 C - 4 potions of heal wounds
 M - a potion of resistance
 N - a potion of cancellation
 O - a potion of berserk rage {unknown}


   Skills:
 + Level 13.1 Fighting
 - Level 10.4 Axes
 + Level 8.6 Staves
 + Level 12.6 Armour
 + Level 12.1 Dodging
 - Level 1.5 Stealth
 + Level 10.8 Invocations


You had 12 spell levels left.
You didn't know any spells.
Your spell library contained the following spells:

 Spells                   Type           Power      Damage    Failure   Level
 Magic Dart               Conj           0%         1d3       90%         1
 Call Imp                 Summ           0%         N/A       97%         2
 Static Discharge         Conj/Air       0%         N/A       97%         2
 Gell's Gravitas          Tloc           0%         N/A       99%         3
 Lesser Beckoning         Tloc           0%         N/A       99%         3
 Mephitic Cloud           Conj/Pois/Air  0%         N/A       99%         3
 Stone Arrow              Conj/Erth      0%         3d7       99%         3
 Teleport Other           Tloc           0%         N/A       99%         3
 Animate Armour           Summ/Erth      0%         N/A       100%        4
 Lightning Bolt           Conj/Air       0%         1d11      100%        5
 Lehudib's Crystal Spear  Conj/Erth      0%         10d2      100%        8
 Maxwell's Capacitive Co  Air            0%         ∞         100%        8


Dungeon Overview and Level Annotations

Branches:
Dungeon (10/15)            Temple (0/1) D:7            Lair (6/6) D:8
 Shoals (0/4) Lair:4       Spider (0/4) Lair:3          Orc (0/2) D:10
  Slime: Lair:5-6

Altars:
Ashenzari
Cheibriados
Dithmenos
Elyvilon
Kikubaaqudgha
Nemelex Xobeh
Qazlal
Trog
Vehumet
Wu Jian
Yredelemnul
Zin
The Shining One

Shops:
D:9 !

Annotations:
D:5 2 runed translucent doors, Beepinex's ghost, novice HOFi
Lair:3 exclusion: oklob plant
Lair:4 exclusion: oklob plant


Innate Abilities, Weirdness & Mutations

You have a pair of horns on your head.
You reflexively headbutt those who attack you in melee.


Message History

The eight-headed hydra bites you but does no damage. x3
The eight-headed hydra barely misses you.
The eight-headed hydra bites you but does no damage.
You sock the eight-headed hydra!
You feel better.
You kill the eight-headed hydra!
The spark wasp bursts into living lightning!
The living lightning hits you but does no damage.
The spark wasp blinks!
You hit the spark wasp.
You feel better.
The spark wasp is lightly wounded.
The spark wasp stings you. The spark wasp shocks you!
The spark wasp barely misses you.
The spark wasp stings you but does no damage.
You climb upwards.
There is a stone staircase leading down here.
You draw a card...
You have drawn the Illusion.
Suddenly you stand beside yourself.
The spark wasp stings you but does no damage.
You fade into invisibility!
The spark wasp stings you! The spark wasp shocks you!
The spark wasp closely misses you.
You are very lightly contaminated with residual magic.
The spark wasp barely misses you.
ZombieSheep's illusion hits the spark wasp!
The spark wasp stings you. The spark wasp shocks you!
* * * LOW HITPOINT WARNING * * *
The spark wasp barely misses you.
You feel much better.
ZombieSheep's illusion hits the spark wasp but does no damage.
The spark wasp stings you!!
* * * LOW HITPOINT WARNING * * *
The spark wasp shocks you!
* * * LOW HITPOINT WARNING * * *
You draw a card...
You have drawn the Elixir.
You begin rapidly regenerating health and magic.
The spark wasp stings you!!
* * * LOW HITPOINT WARNING * * *
The spark wasp shocks you!
You die...
Your body glows with a rainbow of weird colours and disappears.

##### ##.#.# ###
####....######
#.###.##.....#..P##
##..#.............##
##............>†..##
#.............@y.#.#
###............@....#
#.#.................#
##..................##
###................##
###...............##
..#................#
................####
................#
..............<.######


You could see a spark wasp (ally target) and the friendly ZombieSheep's illusion
(summoned).

Vanquished Creatures
  6 hydras
  A death yak (Lair:4)
  A two-headed ogre (D:8)
  Nergalle (D:10)
  A death drake (D:10)
  Pikel (D:6)
  An orb spider (Lair:3)
  9 black mambas
  Maurice (D:10)
  Joseph (D:8)
  2 torpor snails
  An unseen horror (D:10)
  16 cane toads
  3 rime drakes
  3 komodo dragons
  2 polar bears
  A hornet (Lair:3)
  A wind drake (Lair:4)
  7 dream sheep
  20 blink frogs
  37 yaks
  4 wyverns
  Eustachio (D:6)
  2 steam dragons
  An acid dragon (Lair:6)
  23 water moccasins
  2 orc warriors (D:8)
  A hornet zombie (D:7)
  An ice beast (Lair:1)
  2 black bears
  An ogre (D:7)
  16 wolves
  4 necrophages
  4 centaurs
  A phantom (D:6)
  A kobold brigand (D:8)
  A wyvern zombie (D:7)
  7 bullfrogs
  A scorpion (D:6)
  2 wyvern skeletons
  A ballistomycete (Lair:2)
  3 wights (D:7)
  5 howler monkeys
  2 electric eels
  A bullfrog zombie (D:6)
  A centaur zombie (D:7)
  A human zombie (D:7)
  2 jellies
  6 orc priests
  A bullfrog skeleton (D:6)
  A gnoll shaman (D:8)
  2 hounds
  Natasha (thrice) (D:3)
  A centaur skeleton (D:6)
  An iguana (D:3)
  6 orc wizards
  A killer bee zombie (D:7)
  A hound zombie (D:5)
  A howler monkey zombie (D:10)
  5 mummies (D:7)
  7 gnolls
  21 adders
  A shadow imp (D:5)
  A worm (D:2)
  3 dart slugs
  31 orcs
  4 endoplasms (D:1)
  2 giant cockroaches
  4 goblins
  5 hobgoblins
  7 jackals
  6 quokkas
  9 ball pythons
  10 bats
  5 frilled lizards
  10 kobolds
  8 rats
  A ballistomycete spore (Lair:2)
  2 bushes (Lair:2)
373 creatures vanquished.

Vanquished Creatures (collateral kills)
  3 death yaks (Lair:4)
  A manticore (Lair:4)
  4 cane toads (Lair:4)
  A troll (D:10)
  A polar bear (Lair:3)
  3 water moccasins
  An ice beast (D:7)
  A centaur (D:10)
  A wight (D:7)
  An orc priest (D:4)
  2 adders (Lair:2)
  An orc (D:4)
20 creatures vanquished.

Vanquished Creatures (others)
  2 wolves (Lair:5)
  2 ballistomycete spores (Lair:2)
  28 fungi
  70 plants
102 creatures vanquished.

Grand Total: 495 creatures vanquished

Notes
Turn   | Place    | Note
-------+----------+-------------------------------------------
     0 | D:1      | ZombieSheep the Minotaur Monk began the quest for the Orb.
     0 | D:1      | Reached XP level 1. HP: 19/19 MP: 0/0
   237 | D:1      | Found a faded altar of an unknown god.
   285 | D:1      | Became a worshipper of Nemelex Xobeh the Trickster
   285 | D:1      | Reached * piety under Nemelex Xobeh
   285 | D:1      | Received a gift from Nemelex Xobeh
   285 | D:1      | Reached ** piety under Nemelex Xobeh
   285 | D:1      | Received a gift from Nemelex Xobeh
   285 | D:1      | Received a gift from Nemelex Xobeh
   364 | D:1      | Reached XP level 2. HP: 27/27 MP: 1/1
   415 | D:1      | Reached *** piety under Nemelex Xobeh
   640 | D:1      | Reached skill level 1 in Armour
   644 | D:1      | Reached skill level 4 in Fighting
  1047 | D:2      | Reached XP level 3. HP: 33/33 MP: 2/2
  1362 | D:2      | Found a radiant altar of Vehumet.
  1363 | D:2      | Received a gift from Nemelex Xobeh
  1502 | D:3      | Noticed Natasha
  1504 | D:3      | Killed Natasha
  1505 | D:3      | Reached skill level 1 in Invocations
  1505 | D:3      | Reached XP level 4. HP: 40/40 MP: 3/3
  1970 | D:3      | Noticed Natasha
  1972 | D:3      | Killed Natasha
  1973 | D:3      | Reached XP level 5. HP: 47/47 MP: 5/5
  2188 | D:3      | Noticed Natasha
  2189 | D:3      | Killed Natasha
  2369 | D:4      | Found a shadowy altar of Dithmenos.
  2442 | D:4      | Reached skill level 5 in Fighting
  2442 | D:4      | Reached XP level 6. HP: 52/56 MP: 6/6
  2573 | D:4      | Reached **** piety under Nemelex Xobeh
  2683 | D:4      | Found a white marble altar of Elyvilon.
  2700 | D:4      | Received a gift from Nemelex Xobeh
  2759 | D:4      | Found a basalt altar of Yredelemnul.
  2820 | D:4      | Reached skill level 5 in Axes
  3363 | D:4      | Found a bloodstained altar of Trog.
  3438 | D:5      | Entered Level 5 of the Dungeon
  3556 | D:5      | Found a large runed translucent door.
  3556 | D:5      | Found a large runed translucent door.
  3557 | D:5      | Noticed Beepinex's ghost (novice HOFi)
  3589 | D:5      | Reached XP level 7. HP: 55/61 MP: 8/8
  4002 | D:6      | Reached skill level 5 in Dodging
  4202 | D:6      | Found a sparkling altar of Nemelex Xobeh.
  4220 | D:6      | Found a glowing golden altar of the Shining One.
  4293 | D:6      | Reached ***** piety under Nemelex Xobeh
  4305 | D:6      | Reached skill level 6 in Fighting
  4347 | D:6      | Found a broken altar of Ashenzari.
  4397 | D:6      | Received a gift from Nemelex Xobeh
  4398 | D:6      | Noticed Pikel
  4400 | D:6      | Killed Pikel
  4401 | D:6      | Reached skill level 5 in Armour
  4401 | D:6      | Reached XP level 8. HP: 71/71 MP: 8/10
  4461 | D:6      | Found an ornate altar of the Wu Jian Council.
  4486 | D:6      | Noticed Eustachio
  4503 | D:6      | Killed Eustachio
  4775 | D:7      | Reached skill level 7 in Fighting
  4817 | D:7      | Found a staircase to the Ecumenical Temple.
  4902 | D:7      | Reached skill level 5 in Invocations
  4902 | D:7      | Reached XP level 9. HP: 75/78 MP: 11/11
  4984 | D:7      | Found an ancient bone altar of Kikubaaqudgha.
  5170 | D:7      | Noticed a torpor snail
  5172 | D:7      | Found a snail-covered altar of Cheibriados.
  5172 | D:7      | Noticed a torpor snail
  5174 | D:7      | Noticed a torpor snail
  5282 | D:7      | Received a gift from Nemelex Xobeh
  5300 | D:7      | HP: 1/80 [wight (17)]
  5517 | D:7      | Found a stormy altar of Qazlal.
  5992 | D:8      | Reached skill level 8 in Fighting
  6074 | D:8      | Noticed Joseph
  6084 | D:8      | Killed Joseph
  6110 | D:8      | Received a gift from Nemelex Xobeh
  6155 | D:8      | Found a staircase to the Lair.
  6294 | D:8      | Noticed a two-headed ogre
  6309 | D:8      | Killed a two-headed ogre
  6310 | D:8      | Reached XP level 10. HP: 75/90 MP: 13/13
  6618 | D:9      | Found the +6 Majin-Bo {vamp, MP+6 Int+6}
  6688 | D:9      | Found Esedet's Distillery.
  6691 | D:9      | Bought a potion of heal wounds for 70 gold pieces
  6691 | D:9      | Bought a potion of might for 56 gold pieces
  6691 | D:9      | Bought a potion of curing for 42 gold pieces
  6704 | D:9      | Found a glowing silver altar of Zin.
  6985 | D:9      | Identified the +5 falchion of Ygoick {vorpal, rN+ rCorr
                  | Int-4 SInv}
  7002 | D:9      | Received a gift from Nemelex Xobeh
  7195 | D:10     | Entered Level 10 of the Dungeon
  7344 | D:10     | Noticed Maurice
  7349 | D:10     | Killed Maurice
  7394 | D:10     | Received a gift from Nemelex Xobeh
  7416 | D:10     | Reached skill level 9 in Fighting
  7568 | D:10     | Found a flagged portal.
  7597 | D:10     | Found a staircase to the Orcish Mines.
  7699 | D:10     | Noticed a boulder beetle
  7707 | D:10     | Noticed a death drake
  7707 | D:10     | a boulder beetle changed into a death drake
  7716 | D:10     | Killed a death drake
  7873 | D:10     | Noticed Nergalle
  7874 | D:10     | Noticed a spectral orc warlord
  7880 | D:10     | Killed Nergalle
  8184 | Lair:1   | Entered Level 1 of the Lair of Beasts
  8209 | Lair:1   | Noticed a black mamba
  8211 | Lair:1   | Killed a black mamba
  8255 | Lair:1   | Reached XP level 11. HP: 90/99 MP: 15/15
  8352 | Lair:1   | Reached skill level 10 in Fighting
  8451 | Lair:1   | Reached skill level 10 in Axes
  8577 | Lair:1   | Received a gift from Nemelex Xobeh
  8623 | Lair:1   | Noticed a six-headed hydra
  8629 | Lair:1   | Noticed a six-headed hydra
  8652 | Lair:1   | Killed a six-headed hydra
  8678 | Lair:1   | Killed a six-headed hydra
  8679 | Lair:1   | Reached skill level 1 in Staves
  8760 | Lair:1   | Noticed an eight-headed hydra
  8769 | Lair:1   | Banished an eight-headed hydra
  8770 | Lair:1   | Reached skill level 10 in Armour
  9223 | Lair:1   | Reached skill level 10 in Dodging
  9379 | Lair:2   | Noticed a four-headed hydra
  9410 | Lair:1   | Killed a four-headed hydra
  9517 | Lair:2   | Reached skill level 11 in Fighting
  9574 | Lair:2   | Reached XP level 12. HP: 90/110 MP: 17/17
  9606 | Lair:2   | Reached ****** piety under Nemelex Xobeh
  9606 | Lair:2   | Received a gift from Nemelex Xobeh
  9806 | Lair:2   | Noticed a four-headed hydra
  9818 | Lair:2   | Killed a four-headed hydra
 10135 | Lair:2   | Received a gift from Nemelex Xobeh
 10168 | Lair:2   | Reached skill level 5 in Staves
 10500 | Lair:2   | Received a gift from Nemelex Xobeh
 10812 | Lair:3   | Found a radiant altar of Vehumet.
 11190 | Lair:3   | Found a hole to the Spider Nest.
 11425 | Lair:3   | Reached skill level 12 in Fighting
 11728 | Lair:3   | Received a gift from Nemelex Xobeh
 12339 | Lair:4   | Found a radiant altar of Vehumet.
 12377 | Lair:4   | Received a gift from Nemelex Xobeh
 12398 | Lair:4   | Noticed a five-headed hydra
 12400 | Lair:4   | Killed a five-headed hydra
 12607 | Lair:4   | Noticed a death yak
 12607 | Lair:4   | Noticed a death yak
 12607 | Lair:4   | Noticed a death yak
 12608 | Lair:4   | Noticed a death yak
 12613 | Lair:4   | Killed a death yak
 12619 | Lair:4   | Killed a death yak
 12620 | Lair:4   | Reached skill level 10 in Invocations
 12620 | Lair:4   | Reached XP level 13. HP: 108/118 MP: 19/19
 12872 | Lair:4   | Received a gift from Nemelex Xobeh
 13149 | Lair:4   | Found a staircase to the Shoals.
 13470 | Lair:5   | Received a gift from Nemelex Xobeh
 14117 | Lair:5   | Reached skill level 13 in Fighting
 14278 | Lair:5   | Received a gift from Nemelex Xobeh
 14382 | Lair:5   | Identified the +9 morningstar "Tokiog" {venom, Int+4}
 14555 | Lair:6   | Entered Level 6 of the Lair of Beasts
 14680 | Lair:6   | Noticed a spark wasp
 14680 | Lair:6   | a six-headed hydra changed into a spark wasp
 14769 | Lair:5   | Slain by a spark wasp

Illustrated notes

Levels and vault maps discovered:
D:1:      dpeg_arrival_fog, layout_rooms, ebering_ecumenical_altar_rust,
          chequers_serial_rivers_marsh
D:2:      layout_basic, basic_altar, kennysheep_big_empty_room,
          grunt_ministairs_12, minmay_diced_spiral
D:3:      layout_loops_ring, uniq_natasha
D:4:      layout_cave_pools, elyvilon_altar_1, lightli_temple_of_fire,
          mainiacjoe_overflow_catch_the_wave
D:5:      layout_cave_pools, ebering_ghost_disaster_area, minmay_misc_feat_tiny,
          lightli_corner_chamber
D:6:      layout_rooms, nicolae_ashenzari_panopticon,
          mainiacjoe_overflow_large_starburst, nzn_wu_jian_council_hall,
          uniq_eustachio, uniq_pikel
D:7:      layout_loops_ring, grunt_qazlal_sundering,
          lemuel_mausoleum_altar_kikubaaqudgha, cheibriados_altar_2,
          minmay_temple_entry_metal_lava
D:8:      layout_loops_ring, dpeg_oklobed_lair, uniq_joseph
D:9:      layout_loops_ring, mainiacjoe_overflow_paths, serial_shops,
          kennysheep_mini
D:10:     layout_loops_corners, orc_0_dummy, enter_bailey_8, uniq_maurice,
          uniq_nergalle
Lair:1:   layout_loops_ring, grunt_megastairs_1
Lair:2:   lemuel_reptile_caves, layout_cave_pods, minmay_lair_oklob_bushes,
          st_stairs_8
Lair:3:   layout_layer_cave, nicolae_spider_entry_orb_guardian,
          lemuel_oklob_altar
Lair:4:   layout_concentric_octagons, minmay_shoals_entry_beasts, basic_altar,
          beast_lair_carwin_7, serial_bayou_shore_a, infiniplex_staircase_pool,
          grunt_megastairs_3, lemuel_fruit_tree
Lair:5:   layout_cave_pods
Lair:6:   grunt_lair_end_beastmaster, layout_misc_corridors,
          dpeg_slime_entry_enclosed_altar, ice2_lemuel

Skill      XL: |  1  2  3  4  5  6  7  8  9 10 11 12 13 |
---------------+----------------------------------------+-----
Armour         | 1 2 3 5 6 7 9 10 11 12 | 12.6
Fighting       | 4 5 6 7 8 9 11 12 13 | 13.1
Axes           | 4 5 6 7 8 9 10 | 10.4
Invocations    | 1 2 4 5 6 7 8 10 | 10.8
Dodging        | 4 6 7 9 10 11 12 | 12.1
Staves         | 3 6 8 |  8.6
Stealth        | |  1.5

Action                   |  1- 3 |  4- 6 |  7- 9 | 10-12 | 13-15 || total
-------------------------+-------+-------+-------+-------+-------++-------
Melee: Hand axe          |    87 |    22 |       |       |       ||   109
       Headbutt          |    12 |    17 |    56 |   148 |    50 ||   283
       War axe           |       |    96 |   244 |   195 |       ||   535
       Quarterstaff      |       |       |       |   404 |   250 ||   654
 Fire: Hand crossbow     |       |       |     3 |     1 |       ||     4
Invok: Draw Destruction  |     1 |     3 |    13 |    35 |     8 ||    60
       Draw Summoning    |       |     1 |     1 |     9 |     3 ||    14
       Draw Escape       |       |     1 |       |     8 |     2 ||    11
Evoke: Wand              |       |       |       |     1 |       ||     1
  Use: Scroll            |     3 |     9 |     1 |    12 |       ||    25
       Potion            |       |       |       |     5 |     2 ||     7
 Stab: Sleeping          |     1 |       |       |       |       ||     1
       Distracted        |       |       |       |     3 |     2 ||     5
       Petrified         |       |       |       |     1 |       ||     1
Armor: Robe              |    10 |       |       |       |       ||    10
       Chain mail        |     9 |    78 |   131 |   370 |   116 ||   704
Dodge: Dodged            |    53 |    83 |   107 |   410 |   149 ||   802
